 Dungeon Crawl Stone Soup version 0.31.0-11-ge490571c62 (webtiles) character file.

Game seed: 8332807521893139768

65 qw the Shooter (level 3, -1/20 HPs)
             Began as a Deep Elf Hunter on Feb 3, 2024.
             Slain by a gnoll
             ... wielding a +0 halberd
              (4 damage)
             ... on level 2 of the Dungeon.
             The game lasted 00:00:03 (650 turns).

qw the Shooter (Deep Elf Hunter)                     Turns: 650, Time: 00:00:04

Health: -1/20      AC:  3    Str: 10    XL:     3   Next: 92%
Magic:  5/5        EV: 12    Int: 13    God:
Gold:   26         SH:  0    Dex: 18    Spells: 2/2 levels left

rFire   . . .        a - +0 shortbow
rCold   . . .        (shield currently unavailable)
rNeg    . . .        c - +0 leather armour
rPois   .            (no helmet)
rElec   .            (no cloak)
rCorr   .            (no gloves)
SInv    .            (no boots)
Will    .....        (no amulet)
Stlth   ++           (no ring)
HPRegen 0.23/turn    (no ring)
MPRegen 0.09/turn

%: no passive effects
@: no status effects
A: no striking features
a: no special abilities


You were on level 2 of the Dungeon.
You visited 1 branch of the dungeon, and saw 2 of its levels.

You collected 26 gold pieces.


   Skills:
 - Level 1.5 Fighting
 + Level 7.4 Ranged Weapons
 - Level 2.4 Dodging
 - Level 1.2 Stealth


You had 2 spell levels left.
You didn't know any spells.
Your spell library was empty.

Inventory:

Hand Weapons
 a - a +0 shortbow (weapon)
Armour
 c - a +0 leather armour (worn)
Jewellery
 d - a ring of see invisible
Scrolls
 b - a scroll of identify {unknown}
Potions
 f - a potion of mutation {unknown}
 h - a potion of invisibility {unknown}

Dungeon Overview and Level Annotations

Branches:
Dungeon (2/15)

Altars:

Shops:
D:1 :


Message History

You shoot an arrow. The arrow hits the gnoll.
The gnoll is severely wounded.
A gnoll comes into view. It is wielding a +0 halberd.
639 ||| RETREEEEATING.
640 ||| RETREEEEATING.
You shoot an arrow. The gnoll shouts!
The arrow hits the gnoll but does no damage.
The gnoll is severely wounded.
You shoot an arrow.
The arrow hits the gnoll but does no damage.
The gnoll is severely wounded.
You shoot an arrow.
The arrow hits the gnoll but does no damage.
The gnoll is severely wounded.
The gnoll hits you with a +0 flail!
You shoot an arrow. The arrow hits the gnoll.
You kill the gnoll!
You shoot an arrow. The arrow hits the gnoll!
The gnoll is severely wounded.
The gnoll closely misses you.
You shoot an arrow. The arrow closely misses the gnoll.
The arrow hits the gnoll!
The gnoll is heavily wounded.
The gnoll closely misses you. x2
You shoot an arrow. The arrow hits the gnoll.
You kill the gnoll!
The gnoll hits you from afar with a +0 halberd.
You shoot an arrow.
The arrow hits the gnoll but does no damage.
The gnoll is heavily wounded.
The gnoll misses you.
You shoot an arrow.
The arrow hits the gnoll but does no damage.
The gnoll is heavily wounded.
The gnoll hits you from afar with a +0 halberd!
You shoot an arrow. The arrow hits the gnoll.
The gnoll is severely wounded.
The gnoll hits you from afar with a +0 halberd.
You die...

#.#...............
#.#....##.....####
#.###.###.###.# # #.#
#.# #.# #.# # .... #.#
#.###.# #.# #
#..###.###.....# #.# #
#..#..g.<#..######.## #
#.^#.#)###.%#.......###
#..#.#@# #........P¤¤P#
#..#.#.# #.##.####¤¤.¤#
#..#.#.....##.#....P¤8#
#....#.######.#.#..8¤.#
#.####.#........#.##..#
#.# #.#.####.###.###.#
#.####.#.#.<#.#.....#.#
#....#.#.#..#.#...#.#.#
####.#.#.##.#.###...#.#


You could see a gnoll.

Vanquished Creatures
  2 gnolls (D:2)
  An adder (D:2)
  2 dart slugs (D:1)
  3 ball pythons
  An endoplasm (D:1)
  2 giant cockroaches (D:1)
  A goblin (D:1)
  4 hobgoblins (D:1)
  3 jackals (D:1)
  2 kobolds (D:1)
  2 quokkas
  3 bats
  2 frilled lizards (D:1)
  3 rats (D:1)
31 creatures vanquished.

Notes
Turn   | Place    | Note
-------+----------+-------------------------------------------
     0 | D:1      | qw the Deep Elf Hunter began the quest for the Orb.
     0 | D:1      | Reached XP level 1. HP: 12/12 MP: 3/3
     0 | D:1      | 0 ||| qw: Version: 0.3-a-157-g843a77d
     0 | D:1      | 0 ||| qw: Game counter: 3907
     0 | D:1      | 0 ||| qw: Melee chars always use a shield: true
     0 | D:1      | 0 ||| qw: God list: Okawaru
     0 | D:1      | 0 ||| qw: Allow faded altars: false
     0 | D:1      | 0 ||| qw: Do Orc after clearing Dungeon:15 true
     0 | D:1      | 0 ||| qw: Do second Lair branch before Depths: true
     0 | D:1      | 0 ||| qw: Lair rune preference: random
     0 | D:1      | 0 ||| qw: Goals: Normal
     0 | D:1      | 0 ||| PLANNING D:1-11
    53 | D:1      | Found a faded altar of an unknown god.
    83 | D:1      | Reached XP level 2. HP: 13/16 MP: 4/4
    84 | D:1      | Reached skill level 6 in Ranged Weapons
   365 | D:1      | Found Dabriv's Book Boutique.
   412 | D:1      | Reached XP level 3. HP: 20/20 MP: 5/5
   460 | D:1      | 460 ||| READING scroll labelled JOLLYAHOINI.
   465 | D:1      | 465 ||| READING scroll labelled UNIUDGH PONEPOA.
   465 | D:1      | 465 ||| ENCHANTING +0 shortbow.
   466 | D:1      | 466 ||| DROPPING scroll of butterflies.
   467 | D:1      | 467 ||| DROPPING scroll of immolation.
   562 | D:2      | Reached skill level 7 in Ranged Weapons
   639 | D:2      | 639 ||| RETREEEEATING.
   640 | D:2      | 640 ||| RETREEEEATING.
   649 | D:2      | HP: 3/20 [gnoll/+0 halberd (7)]
   650 | D:2      | Slain by a gnoll

Levels and vault maps discovered:
D:1:      dpeg_arrival_shelter, layout_basic, serial_shops,
          nicolae_book_shop_shelving, hellmonk_ecumenical_altar_blasted,
          chequers_jeans, minmay_bisected
D:2:      layout_basic, serial_undead, serial_undead_e, serial_undead_d,
          serial_undead_d, serial_undead_f, serial_undead_f, serial_undead_c,
          serial_undead_a, serial_shops, nicolae_shop_trees

Skill      XL: |  1  2  3 |
---------------+----------+-----
Ranged Weapons | 6 7 |  7.4
Fighting       | |  1.5
Dodging        | |  2.4
Stealth        | |  1.2

Action                     || total
---------------------------++-------
   Fire: Shortbow          ||    95
    Use: Scroll            ||     2
 Armour: Leather armour    ||    19
  Dodge: Dodged            ||    34

Table legend:
 A = Non-vault XP
 B = Vault XP
 C = Vault XP percentage of total XP
 D = Non-vault monster count
 E = Vault monster count
 F = Vault count percentage of total count
                 A         B        C        D         E       F
            +---------+---------+-------+---------+---------+-------
      Total |      87 |       6 |   6.5 |      29 |       2 |   6.5
            +---------+---------+-------+---------+---------+-------
        D:1 |      41 |       6 |  12.8 |      23 |       2 |   8.0
        D:2 |      46 |       0 |   0.0 |       6 |       0 |   0.0
            +---------+---------+-------+---------+---------+-------
